 Dungeon Crawl Stone Soup version 0.30-a0-930-gb9d0489357 (webtiles) character file.

Game seed: 18039940361145855567

15387 Newt the Markskobold (level 12, -6/65 HPs)
             Began as a Kobold Hunter on Mar 22, 2023.
             Was a Believer of Hepliaklqana.
             Killed from afar by an efreet (18 damage)
             ... with a bolt of fire
             ... on level 11 of the Dungeon on Mar 23, 2023.
             The game lasted 00:13:29 (13391 turns).

Newt the Markskobold (Kobold Hunter)               Turns: 13391, Time: 00:13:29

Health: -6/65      AC:  8    Str:  8    XL:     12   Next: 57%
Magic:  0/16       EV: 22    Int: 11    God:    Hepliaklqana [**....]
Gold:   253        SH:  0    Dex: 35    Spells: 17/17 levels left

rFire   . . .      SeeInvis .    a - +2 shortbow (drain)
rCold   . . .      Faith    .    (shield currently unavailable)
rNeg    . . .      Spirit   +    z - +0 acid dragon scales
rPois   .          Reflect  .    u - +0 hat {Will+}
rElec   .          Rampage  .    (no cloak)
rCorr   +                        O - +1 pair of gloves
Will    ++...                    (no boots)
Stlth   ++++                     y - amulet of guardian spirit
HPRegen 0.30/turn                F - +6 ring of dexterity
MPRegen 0.15/turn                D - +6 ring of dexterity

@: no status effects
A: reduced essence, small, no large weapons, nightstalker 3, horns 1,
strong-willed 1
a: Renounce Religion, Recall Ancestor, Ancestor Identity


You were on level 11 of the Dungeon.
You worshipped Hepliaklqana.
Hepliaklqana was pleased with you.
You visited 2 branches of the dungeon, and saw 12 of its levels.
You also visited: Ossuary.

You collected 685 gold pieces.
You spent 432 gold pieces at shops.

Inventory:

Hand Weapons
 a - a +2 shortbow of draining (weapon)
Armour
 c - a +0 leather armour
 k - the +4 ring mail of the Gusle {+Blink Str+5 Dex-5}
   (You found it on level 2 of the Dungeon)

   Str:       It affects your strength (+5).
   Dex:       It affects your dexterity (-5).
   +Blink:    It lets you blink.
 q - a +1 leather armour of positive energy
 u - a +0 hat of willpower (worn)
 z - +0 acid dragon scales (worn)
 H - a +2 robe of the Archmagi
 O - a +1 pair of gloves (worn)
Jewellery
 r - a ring of protection from cold
 y - an amulet of guardian spirit (around neck)
 D - a +6 ring of dexterity (right hand)
 F - a +6 ring of dexterity (left hand)
 I - an amulet of magic regeneration
Wands
 b - a wand of polymorph (4)
 i - a wand of digging (5)
 C - a wand of light (5)
 J - a wand of paralysis (7)
 M - a wand of roots (4)
Scrolls
 m - 3 scrolls of teleportation
 n - a scroll of summoning
 p - 2 scrolls of brand weapon
 s - a scroll of enchant armour
 w - 4 scrolls of noise
 x - a scroll of fog
 A - a scroll of magic mapping
 K - a scroll of fear
 N - 2 scrolls of identify
 P - a scroll of amnesia {unknown}
Potions
 d - 3 potions of invisibility
 e - 3 potions of resistance
 f - a potion of attraction
 g - 2 potions of heal wounds
 h - 4 potions of might
 j - 2 potions of mutation
 l - 5 potions of curing
 o - 2 potions of haste
 t - a potion of ambrosia
 v - 3 potions of brilliance {unknown}
 B - 3 potions of flight
 E - a potion of berserk rage
 G - 2 potions of degeneration {unknown}
Miscellaneous
 L - a phantom mirror (inert)


   Skills:
 - Level 8.0 Fighting
 - Level 20.0 Ranged Weapons
 - Level 7.0 Dodging
 - Level 1.3 Stealth
 + Level 3.1 Spellcasting
 + Level 3.1 Hexes
 + Level 3.1 Fire Magic
 - Level 7.0 Evocations


You had 17 spell levels left.
You didn't know any spells.
Your spell library contained the following spells:

 Spells                   Type           Power      Damage    Failure   Level
 Ensorcelled Hibernation  Hex/Ice        10%        N/A       36%         2
 Inner Flame              Hex/Fire       8%         N/A       36%         3
 Tukima's Dance           Hex            8%         N/A       36%         3
 Necrotise                Necr           4%         1d4       43%         1
 Shock                    Conj/Air       4%         1d3       43%         1
 Cigotuvi's Dreadful Rot  Necr/Pois/Air  2%         N/A       56%         2
 Lesser Beckoning         Tloc           2%         N/A       56%         2
 Cause Fear               Hex            4%         N/A       77%         4
 Gell's Gravitas          Tloc           1%         N/A       80%         3
 Spider Form              Tmut/Pois      1%         N/A       80%         3
 Swiftness                Air            1%         N/A       80%         3
 Teleport Other           Tloc           1%         N/A       80%         3
 Vampiric Draining        Necr           1%         2d6       80%         3
 Anguish                  Hex/Necr       2%         N/A       94%         4
 Airstrike                Air            0%         2d(1-17)  99%         4
 Dispel Undead            Necr           1%         3d6       99%         4
 Passage of Golubria      Tloc           1%         N/A       99%         4
 Agony                    Necr           1%         N/A       100%        5
 Yara's Violent Unravell  Hex/Tmut       2%         3d3       100%        5
 Death Channel            Necr           0%         N/A       100%        6
 Discord                  Hex            4%         N/A       100%        8


Dungeon Overview and Level Annotations

Branches:
Dungeon (11/15)            Temple (1/1) D:7            Lair (0/5) D:11
    Orc (0/2) D:9         Ossuary (visited)

Altars:
Ashenzari
Cheibriados
Dithmenos
Elyvilon
Fedhas
Gozag
Hepliaklqana
Kikubaaqudgha
Makhleb
Nemelex Xobeh
Okawaru
Qazlal
Ru
Sif Muna
Trog
Uskayaw
Vehumet
Wu Jian
Xom
Yredelemnul
Zin
The Shining One

Shops:
D:6 =


Innate Abilities, Weirdness & Mutations

Your life essence is reduced to manifest your ancestor. (-10% HP)
You are small and have problems with some larger weapons.
You are completely attuned to the shadows.
You have a pair of small horns on your head.
You are strong-willed. (Will+)


Message History

You shoot an arrow.
The arrow hits the efreet but does no damage.
The efreet is lightly wounded.
The efreet gestures at you.
The fireball explodes!
The fireball engulfs you!!
The fireball engulfs Wystan!
Wystan resists.
The fireball engulfs the efreet.
The efreet completely resists.
Wystan barely misses the efreet.
The efreet gestures at you. The bolt of fire misses you.
Unknown command.
Fire: a) +2 shortbow (drain)
Press: ? - help, Shift-Dir - straight line, f/p - efreet
Aim: an efreet, wielding a +3 scimitar of flaming (lightly wounded, ally target, 87% to hit)
You shoot an arrow.
The arrow hits the efreet but does no damage.
The efreet is lightly wounded.
Wystan hits the efreet but does no damage.
The efreet hits Wystan with a +3 scimitar of flaming!!
The efreet burns Wystan.
Aiming: Phantom Mirror
Press: ? - help, Dir - move target, f/p - efreet
Aim: an efreet, wielding a +3 scimitar of flaming (lightly wounded, not watching you, ally target)
You reflect the efreet with the mirror!
The mirror clouds!
Your efreet hits the efreet with a +3 scimitar of flaming.
The efreet gestures at you.
The fireball explodes!
The fireball engulfs your efreet.
Your efreet completely resists.
The fireball engulfs you!
* * * LOW HITPOINT WARNING * * *
The fireball engulfs Wystan!
Wystan resists.
Wystan is destroyed!
The fireball engulfs the efreet.
The efreet completely resists.
Your efreet hits the efreet with a +3 scimitar of flaming!
The efreet gestures at you. The bolt of fire hits your efreet.
Your efreet completely resists.
The bolt of fire hits you!!
You die...

..##.........#.###.#.#
#.
..##......##.#.....#.###
#.
..##...#####..####......
#. ..##..(# ##.##
#.....~ #.
####...######..###.....~
#. #...#................
#. #
#...#...........#.... #.
# ##...#...........#....
# #.............@..# ...
# #....^....####..R##...
###.........# ###.R....
...(........########....
..................# ....
..................# .###
###..)###.........# ..
##.))†.##.........#
#...)...#.........#


You could see an efreet (ally target) and a friendly efreet (summoned, drained).

Vanquished Creatures
  Gastronok (D:8)
  Erica (D:8)
  2 two-headed ogres
  3 boulder beetles
  A tengu warrior (D:10)
  A cyclops (D:11)
  A manticore (D:11)
  Maggie (D:7)
  A komodo dragon (D:10)
  A kobold demonologist (D:9)
  An efreet (D:10)
  Grinder (D:6)
  A hornet (D:9)
  Sigmund (D:3)
  A wraith (D:11)
  A shadow (D:10)
  Eustachio (D:6)
  A wyvern (D:8)
  A steam dragon (D:8)
  3 vampire mosquitoes (D:11)
  Menkaure (Ossuary)
  3 wargs (D:11)
  2 water moccasins
  4 orc warriors
  Duvessa (D:7)
  An ice beast (D:6)
  An ogre (D:4)
  4 centaurs
  A phantom (D:6)
  8 bullfrogs
  4 kobold brigands
  Blork the orc (D:6)
  2 scorpions (D:4)
  3 wights
  Dowan (D:7)
  4 killer bees (D:8)
  A howler monkey (D:8)
  3 electric eels
  A crimson imp (D:4)
  A centaur zombie (Ossuary)
  8 hounds
  11 orc priests
  2 jellies
  A human zombie (Ossuary)
  3 gnoll boudas
  2 iguanas
  Ijyb (D:5)
  Terence (D:3)
  10 orc wizards
  4 ogre zombies (Ossuary)
  6 mummies (Ossuary)
  10 gnolls
  13 adders
  A shadow imp (D:6)
  2 white imps (D:5)
  8 adder zombies (Ossuary)
  A worm (D:2)
  5 dart slugs
  25 orcs
  4 ball pythons
  4 endoplasms
  2 giant cockroaches
  4 goblins
  6 hobgoblins
  3 jackals
  4 quokkas
  7 bats
  3 goblin zombies (Ossuary)
  4 hobgoblin zombies (Ossuary)
  32 kobolds
  A kobold zombie (Ossuary)
  An orc zombie (Ossuary)
  4 quokka zombies (Ossuary)
  6 rats
  3 rat zombies (Ossuary)
274 creatures vanquished.

Vanquished Creatures (collateral kills)
  3 two-headed ogres (D:10)
  A vampire mosquito (D:11)
  An orc warrior (D:11)
  A wight (D:9)
  2 orcs
  A kobold (D:9)
9 creatures vanquished.

Vanquished Creatures (others)
  2 knights (D:11)
  2 ancestors (D:10)
  An orc wizard (D:6)
  11 plants (D:6)
16 creatures vanquished.

Grand Total: 299 creatures vanquished

Notes
Turn   | Place    | Note
-------+----------+-------------------------------------------
     0 | D:1      | Newt the Kobold Hunter began the quest for the Orb.
     0 | D:1      | Reached XP level 1. HP: 12/12 MP: 1/1
    56 | D:1      | Reached XP level 2. HP: 18/18 MP: 2/2
   783 | D:1      | Reached XP level 3. HP: 21/24 MP: 3/3
  1057 | D:2      | Reached XP level 4. HP: 30/30 MP: 4/4
  1436 | D:2      | Reached skill level 5 in Fighting
  1555 | D:2      | Identified the +4 ring mail of the Gusle {+Blink Str+5
                  | Dex-5}
  2020 | D:3      | Reached XP level 5. HP: 35/35 MP: 5/5
  2194 | D:3      | Found a sacrificial altar of Ru.
  2284 | D:3      | Reached skill level 6 in Ranged Weapons
  2354 | D:3      | Noticed Sigmund
  2361 | D:3      | Killed Sigmund
  2362 | D:3      | Reached skill level 8 in Ranged Weapons
  2362 | D:3      | Reached XP level 6. HP: 40/40 MP: 6/6
  2700 | D:3      | Noticed Terence
  2989 | D:3      | Killed Terence
  3062 | D:3      | Found a basalt altar of Yredelemnul.
  3551 | D:4      | Reached XP level 7. HP: 31/44 MP: 7/7
  3764 | D:4      | Reached skill level 9 in Ranged Weapons
  4245 | D:4      | Found a sparkling altar of Nemelex Xobeh.
  4293 | D:4      | Reached skill level 10 in Ranged Weapons
  4386 | D:4      | Found a burning altar of Makhleb.
  4386 | D:4      | Found a shimmering altar of Xom.
  4634 | D:5      | Entered Level 5 of the Dungeon
  4722 | D:5      | Noticed a water moccasin
  4728 | D:5      | Killed a water moccasin
  4729 | D:5      | Reached XP level 8. HP: 44/49 MP: 8/8
  4734 | D:5      | Reached skill level 5 in Dodging
  5002 | D:5      | Noticed Ijyb
  5011 | D:5      | Killed Ijyb
  5441 | D:5      | Upgraded the game from 0.30-a0-924-g0ad0bf95bc to
                  | 0.30-a0-930-gb9d0489357
  5896 | D:6      | Found a sand-covered staircase.
  5902 | Ossuary  | Entered an ossuary
  6189 | Ossuary  | Noticed Menkaure
  6205 | Ossuary  | Killed Menkaure
  6206 | Ossuary  | Reached XP level 9. HP: 24/57 MP: 9/9
  6681 | D:6      | Noticed Blork the orc
  6688 | D:6      | Killed Blork the orc
  6887 | D:6      | Noticed Eustachio
  6905 | D:6      | Killed Eustachio
  6906 | D:6      | Reached skill level 11 in Ranged Weapons
  7055 | D:6      | Noticed Grinder
  7072 | D:6      | Reached skill level 12 in Ranged Weapons
  7228 | D:6      | Killed Grinder
  7377 | D:6      | Found Ythrytar's Jewellery Boutique.
  7491 | D:6      | Found a white marble altar of Elyvilon.
  7659 | D:7      | Noticed Maggie
  7680 | D:7      | Reached skill level 13 in Ranged Weapons
  7685 | D:7      | HP: 2/59 [Maggie/+0 heavy glaive (14)]
  7691 | D:7      | Killed Maggie
  7692 | D:7      | Reached XP level 10. HP: 24/64 MP: 10/10
  8118 | D:7      | Found a shimmering blue altar of Sif Muna.
  8236 | D:7      | Reached skill level 14 in Ranged Weapons
  8237 | D:7      | Reached skill level 1 in Evocations
  8297 | D:7      | Noticed Duvessa
  8299 | D:7      | Noticed Dowan
  8302 | D:7      | Killed Duvessa
  8309 | D:7      | Killed Dowan
  8626 | D:7      | Reached skill level 5 in Evocations
  8715 | D:7      | Found a staircase to the Ecumenical Temple.
  8898 | Temple   | Entered the Ecumenical Temple
  8954 | Temple   | Became a worshipper of Hepliaklqana the Forgotten
  9032 | D:6      | Bought a +6 ring of dexterity for 432 gold pieces
  9276 | D:8      | Noticed Gastronok
  9289 | D:8      | Killed Gastronok
  9290 | D:8      | Reached skill level 15 in Ranged Weapons
  9524 | D:8      | Noticed Erica
  9531 | D:8      | Killed Erica
  9532 | D:8      | Reached XP level 11. HP: 68/68 MP: 11/11
  9584 | D:8      | Reached skill level 16 in Ranged Weapons
  9992 | D:8      | Found a radiant altar of Vehumet.
 10076 | D:8      | Found a glowing silver altar of Zin.
 10191 | D:9      | Noticed a two-headed ogre
 10196 | D:9      | Killed a two-headed ogre
 10293 | D:9      | Reached skill level 17 in Ranged Weapons
 10308 | D:9      | Found an ornate altar of the Wu Jian Council.
 10402 | D:9      | Reached * piety under Hepliaklqana
 10516 | D:9      | Found a staircase to the Orcish Mines.
 11157 | D:10     | Entered Level 10 of the Dungeon
 11172 | D:10     | Noticed a tengu warrior
 11177 | D:10     | Noticed a boulder beetle
 11182 | D:10     | Killed a tengu warrior
 11199 | D:10     | Killed a boulder beetle
 11200 | D:10     | Reached skill level 18 in Ranged Weapons
 11392 | D:10     | Found a stormy altar of Qazlal.
 11796 | D:10     | Noticed a two-headed ogre
 11806 | D:10     | Killed a two-headed ogre
 11920 | D:10     | Noticed a two-headed ogre
 11926 | D:10     | Killed a two-headed ogre
 11927 | D:10     | Reached skill level 19 in Ranged Weapons
 11985 | D:10     | Reached XP level 12. HP: 55/65 MP: 12/12
 12064 | D:10     | Reached ** piety under Hepliaklqana
 12065 | D:10     | Remembered your ancestor Wystan as a knight
 12195 | D:10     | Identified the +1 ring mail of the Griffon {rPois Str+3
                  | Int-3 SInv}
 12344 | D:10     | Noticed a two-headed ogre
 12349 | D:10     | Killed a two-headed ogre
 12622 | D:11     | Noticed a boulder beetle
 12634 | D:11     | Killed a boulder beetle
 12635 | D:11     | Reached skill level 20 in Ranged Weapons
 12738 | D:11     | Reached skill level 1 in Spellcasting
 12738 | D:11     | Reached skill level 1 in Hexes
 12738 | D:11     | Reached skill level 1 in Fire Magic
 12765 | D:11     | Noticed a boulder beetle
 12776 | D:11     | Killed a boulder beetle
 12865 | D:11     | Gained mutation: You have a pair of small horns on your
                  | head. [potion of mutation]
 12865 | D:11     | Gained mutation: You are strong-willed. (Will+) [potion of
                  | mutation]
 13085 | D:11     | Found a staircase to the Lair.
 13223 | D:11     | Noticed a two-headed ogre
 13226 | D:11     | Killed a two-headed ogre
 13391 | D:11     | Killed from afar by an efreet

Illustrated notes

Levels and vault maps discovered:
D:1:      co_arrival_hall_of_pillars, layout_basic
D:2:      layout_rooms
D:3:      layout_loops_ring, lemuel_crystal_altar, mainiacjoe_overflow_paths,
          kennysheep_cross_bottleneck, nicolae_figureground_pulse, uniq_terence,
          uniq_sigmund
D:4:      minmay_inner_zag, layout_gridville, nemelex_diamond_rough_becter,
          grunt_temple_overflow_champion_of_chaos
D:5:      layout_loops_cross, uniq_ijyb
D:6:      layout_basic, nicolae_elyvilon_temple_path, serial_shops, shop,
          lightli_ossuary_entry_decrepit_ruins, uniq_blork_the_orc,
          uniq_grinder, uniq_eustachio
D:7:      layout_cave_pods, marbit_many_paths, minmay_temple_entry_trees,
          uniq_maggie, uniq_duvessa
D:8:      layout_loops_ring, zin_scriptorium, lemuel_doored_altar,
          hangedman_decor_peaks_small, uniq_erica, uniq_gastronok
D:9:      layout_irregular_city, overflow_temple_1_default, orc_0_dummy
D:10:     minmay_cornered_nines, layout_cave_pods,
          nicolae_qazlal_scattered_showers, serial_column_ruins,
          column_ruins_hut_ruined, column_ruins_open_large,
          column_ruins_open_tiny_water, column_ruins_columns_corner,
          column_ruins_columns_dead_end, column_ruins_grid_1, minivault_21
D:11:     layout_basic, erik_lair_orcish_takeover
Temple:   hellmonk_temple_of_storms

Skill      XL: |  1  2  3  4  5  6  7  8  9 10 11 12 |
---------------+-------------------------------------+-----
Fighting       | 3 4 5 7 8 |  8.0
Ranged Weapons | 8 10 13 15 19 20 | 20.0
Dodging        | 4 7 |  7.0
Evocations     | 7 |  7.0
Spellcasting   | 3 |  3.1
Hexes          | 3 |  3.1
Fire Magic     | 3 |  3.1
Stealth        | |  1.3

Action                     |  1- 3 |  4- 6 |  7- 9 | 10-12 || total
---------------------------+-------+-------+-------+-------++-------
   Fire: Shortbow          |    98 |   103 |   399 |   417 ||  1017
 Invoke: Ancestor Life: Kn |       |       |       |     1 ||     1
  Evoke: Wand              |       |       |     4 |       ||     4
         Phantom mirror    |       |       |       |     1 ||     1
    Use: Scroll            |       |     8 |    12 |     4 ||    24
         Potion            |       |     2 |     7 |     2 ||    11
 Armour: Leather armour    |    18 |     4 |    24 |       ||    46
         Skin              |       |       |    10 |       ||    10
         Acid dragon scale |       |       |       |    12 ||    12
  Dodge: Dodged            |    60 |    44 |   203 |    87 ||   394

Table legend: (Time is in decaauts)
 A = Elapsed time spent in this place.
 B = Non-inter-level travel time spent in this place.
 C = Inter-level travel time spent in this place.
 D = Time resting spent in this place.
 E = Time spent auto-exploring this place.
 F = Levels seen in this place.
 G = Mean time per level.
                   A        B        C        D        E       F      G
               +--------+--------+--------+--------+--------+-----+--------+
         Total |  13324 |  12750 |    574 |   1928 |   9162 |  13 | 1024.9 |
       Dungeon |  12497 |  11934 |    563 |   1782 |   8721 |  11 | 1136.1 |
        Temple |     67 |     57 |     10 |      0 |     38 |   1 |   67.0 |
       Ossuary |    758 |    758 |      0 |    146 |    403 |   1 |  758.0 |
               +--------+--------+--------+--------+--------+-----+--------+

Top non-repeatable levels by time:
     D:3: 1708 daAuts
    D:10: 1392 daAuts
     D:7: 1269 daAuts
     D:4: 1207 daAuts
     D:6: 1194 daAuts
     D:5: 1140 daAuts
     D:8: 1061 daAuts
     D:9: 1000 daAuts
     D:1: 982 daAuts
    D:11: 799 daAuts
 Ossuary: 758 daAuts
     D:2: 741 daAuts
  Temple: 67 daAuts
